 Dungeon Crawl Stone Soup version 0.31.0-11-ge490571c62 (webtiles) character file.

Game seed: 8305824526571092592

177 qw the Skirmisher (level 5, 0/29 HPs)
             Began as a Deep Elf Hunter on Feb 4, 2024.
             Slain by Grinder (5 damage)
             ... on level 3 of the Dungeon.
             The game lasted 00:00:06 (1961 turns).

qw the Skirmisher (Deep Elf Hunter)                 Turns: 1961, Time: 00:00:06

Health: 0/29       AC:  6    Str: 10    XL:     5   Next: 30%
Magic:  7/7        EV:  9    Int: 14    God:
Gold:   154        SH:  0    Dex: 18    Spells: 4/4 levels left

rFire   . . .        a - +0 shortbow
rCold   . . .        (shield currently unavailable)
rNeg    . . .        e - +0 scale mail
rPois   .            (no helmet)
rElec   .            (no cloak)
rCorr   .            (no gloves)
SInv    .            (no boots)
Will    .....        k - amulet of faith
Stlth   +            (no ring)
HPRegen 0.24/turn    (no ring)
MPRegen 0.10/turn

%: faith
@: no status effects
A: no striking features
a: no special abilities


You were on level 3 of the Dungeon.
You visited 1 branch of the dungeon, and saw 3 of its levels.

You collected 154 gold pieces.


   Skills:
 - Level 1.5 Fighting
 + Level 8.8 Ranged Weapons
 - Level 2.4 Dodging
 - Level 1.2 Stealth


You had 4 spell levels left.
You didn't know any spells.
Your spell library was empty.

Inventory:

Hand Weapons
 a - a +0 shortbow (weapon)
Armour
 e - a +0 scale mail (worn)
 j - a +0 pair of boots
 l - a scarf of repulsion
Jewellery
 f - a +6 ring of intelligence
 k - an amulet of faith (around neck)
Scrolls
 g - a scroll of teleportation {unknown}
 h - a scroll of enchant weapon {unknown}
Potions
 b - a potion of lignification {unknown}
 c - a potion of resistance {unknown}
 d - a potion of might {unknown}
 i - a potion of attraction {unknown}

Dungeon Overview and Level Annotations

Branches:
Dungeon (3/15)

Altars:
Cheibriados
Nemelex Xobeh
Yredelemnul

Annotations:
D:3 Grinder


Message History

You start resting.
HP restored.
Found an escape hatch in the floor.
You open the door.
There is an open door here.
l - a scarf of repulsion Grinder comes into view.
Grinder shouts!
Grinder sighs, "No one appreciates my work."
You shoot an arrow.
The arrow hits Grinder but does no damage.
You shoot an arrow. The arrow hits Grinder.
Grinder is lightly wounded.
Grinder says, "Just stop there for a second..."
You shoot an arrow. The arrow hits Grinder!
Grinder is heavily wounded.
Grinder hits you but does no damage. Grinder barely misses you.
You shoot an arrow. The arrow hits Grinder.
Grinder is heavily wounded.
Grinder barely misses you.
You shoot an arrow. The arrow barely misses Grinder.
Grinder hits you.
You writhe in agony.
You shoot an arrow. The arrow hits Grinder.
Grinder is heavily wounded.
Grinder hits you.
You writhe in agony.
Grinder gestures at you.
You struggle to resist.
You shoot an arrow. The arrow hits Grinder.
Grinder is severely wounded.
Grinder gestures at you. Pain shoots through your body!
You shoot an arrow. The arrow closely misses Grinder.
Grinder hits you but does no damage.
You shoot an arrow.
The arrow hits Grinder but does no damage.
Grinder is severely wounded.
Grinder says, "Tell me all your secrets, or I'll kill you."
Grinder hits you.
You die...
Grinder sighs, "Dead already?
I want a refund."

#...# #.#.#######
#.#.......# #.#######.#
#.# #.# #######.# #.#
#.......## #.#
#.#######.#####.##
#.#.....#.@......#
#######.#.#...#5########
.............>#.
#######.#.?.#.#.
#.##..#.#. #.##..#.##
#.##..#.# #.##..#.#
#######.##..#.#####.#


You could see Grinder.

Vanquished Creatures
  Jessica (D:3)
  Natasha (thrice) (D:2)
  A gnoll (D:1)
  2 adders (D:3)
  An adder zombie (D:3)
  A dart slug (D:1)
  4 orcs (D:3)
  2 endoplasms
  2 giant cockroaches
  3 goblins
  4 hobgoblins
  4 kobolds
  2 quokkas (D:1)
  4 ball pythons
  4 bats
  A frilled lizard (D:3)
  A jackal zombie (D:3)
  4 rats
44 creatures vanquished.

Notes
Turn   | Place    | Note
-------+----------+-------------------------------------------
     0 | D:1      | qw the Deep Elf Hunter began the quest for the Orb.
     0 | D:1      | Reached XP level 1. HP: 12/12 MP: 3/3
     0 | D:1      | 0 ||| qw: Version: 0.3-a-160-g6735b56
     0 | D:1      | 0 ||| qw: Game counter: 5829
     0 | D:1      | 0 ||| qw: Melee chars always use a shield: true
     0 | D:1      | 0 ||| qw: God list: Okawaru
     0 | D:1      | 0 ||| qw: Allow faded altars: false
     0 | D:1      | 0 ||| qw: Do Orc after clearing Dungeon:15 true
     0 | D:1      | 0 ||| qw: Do second Lair branch before Depths: true
     0 | D:1      | 0 ||| qw: Lair rune preference: random
     0 | D:1      | 0 ||| qw: Goals: Normal
     0 | D:1      | 0 ||| PLANNING D:1-11
   158 | D:1      | Reached XP level 2. HP: 16/16 MP: 4/4
   197 | D:1      | Reached skill level 6 in Ranged Weapons
   455 | D:1      | Reached XP level 3. HP: 20/20 MP: 5/5
   563 | D:1      | 563 ||| UPGRADING to +0 scale mail.
   573 | D:1      | 573 ||| DROPPING +0 leather armour.
   574 | D:1      | 574 ||| UPGRADING to amulet of faith.
   579 | D:1      | 579 ||| READING scroll labelled UVOPRUUXIN.
   580 | D:1      | 580 ||| READING scroll labelled VOCVUU HUYQIACAM.
   581 | D:1      | 581 ||| READING 2 scrolls labelled FEWEISM GILEOFF.
   582 | D:1      | 582 ||| READING scroll labelled CIWNYMEOGI.
   583 | D:1      | 583 ||| READING scroll labelled FAN HYVEMYSIGO.
   620 | D:1      | 620 ||| READING scroll labelled LYGOUD EFIUFU.
   621 | D:1      | 621 ||| DROPPING scroll of butterflies.
   622 | D:1      | 622 ||| DROPPING scroll of poison.
   666 | D:2      | Noticed Natasha
   672 | D:2      | Killed Natasha
   673 | D:2      | Reached skill level 7 in Ranged Weapons
   731 | D:2      | Noticed Natasha
   741 | D:2      | Killed Natasha
   742 | D:2      | Reached XP level 4. HP: 9/25 MP: 6/6
   906 | D:2      | Noticed Natasha
   914 | D:2      | Killed Natasha
   915 | D:2      | Reached skill level 8 in Ranged Weapons
  1554 | D:3      | Found a snail-covered altar of Cheibriados.
  1561 | D:3      | Noticed Jessica
  1571 | D:3      | Killed Jessica
  1572 | D:3      | Reached XP level 5. HP: 15/29 MP: 7/7
  1679 | D:3      | Found a sparkling altar of Nemelex Xobeh.
  1708 | D:3      | Found a faded altar of an unknown god.
  1811 | D:3      | Found a basalt altar of Yredelemnul.
  1952 | D:3      | Noticed Grinder
  1959 | D:3      | HP: 5/29 [Grinder/nerve-wracking pain (13)]
  1961 | D:3      | Slain by Grinder

Levels and vault maps discovered:
D:1:      mrwooster_arrival_statue_2, layout_basic
D:2:      layout_rooms, nrook_loot_triangle, uniq_natasha
D:3:      layout_basic, nicolae_overflow_crystal_walls,
          mainiacjoe_overflow_alcove_1, lemuel_zombie_altar_yredelemnul,
          basic_ecumenical_altar, hangedman_feature_mirror, uniq_grinder,
          uniq_jessica

Skill      XL: |  1  2  3  4 |
---------------+-------------+-----
Ranged Weapons | 6 7 8 |  8.8
Fighting       | |  1.5
Dodging        | |  2.4
Stealth        | |  1.2

Action                     |  1- 3 |  4- 6 || total
---------------------------+-------+-------++-------
   Fire: Shortbow          |    68 |    88 ||   156
    Use: Scroll            |     6 |       ||     6
 Armour: Leather armour    |     7 |       ||     7
         Scale mail        |    13 |    37 ||    50
  Dodge: Dodged            |    17 |    26 ||    43

Table legend:
 A = Non-vault XP
 B = Vault XP
 C = Vault XP percentage of total XP
 D = Non-vault monster count
 E = Vault monster count
 F = Vault count percentage of total count
                 A         B        C        D         E       F
            +---------+---------+-------+---------+---------+-------
      Total |     174 |      79 |  31.2 |      40 |       4 |   9.1
            +---------+---------+-------+---------+---------+-------
        D:1 |      44 |       0 |   0.0 |      18 |       0 |   0.0
        D:2 |      85 |      35 |  29.2 |      11 |       1 |   8.3
        D:3 |      45 |      44 |  49.4 |      11 |       3 |  21.4
            +---------+---------+-------+---------+---------+-------
